 Dungeon Crawl Stone Soup version 0.27-a0-58-g0ec5f8ab93 (webtiles) character file.

Game seed: 9117101009187214898

982236 Nixen the Slayer (level 27, -19/196 HPs)
             Began as a Gargoyle Earth Elementalist on Jan 7, 2021.
             Was the Champion of Vehumet.
             Killed from afar by a hellion (32 damage)
             ... with damnation
             ... on level 23 of a ziggurat on Jan 8, 2021.
             The game lasted 04:18:13 (82069 turns).

Nixen the Slayer (Gargoyle Earth Elementalist)     Turns: 82069, Time: 04:18:14

Health: -19/196    AC: 42    Str: 24    XL:     27
Magic:  51/65      EV: 18    Int: 38    God:    Vehumet [******]
Gold:   9383       SH:  7    Dex:  8    Spells: 8/74 levels left

rFire    + + +     SeeInvis +   Y - +9 demon whip "ETAOIN SHRDLU" {venom, rF+ Int+4}
rCold    + + .     Faith    .   G - +3 warlock's mirror {reflect}
rNeg     + . .     Spirit   .   M - +4 troll leather armour {Snorg}
rPois    ∞         Reflect  +   b - +2 helmet {SInv}
rElec    +         Harm     .   A - +1 cloak of Pybbopni {rF+ rC+ Dex-4 SInv}
rCorr    .         Rampage  .   Q - +2 pair of gloves {Str+3}
Will     ++++.                  W - +1 pair of boots {run}
Stlth    +.........             U - amulet of Dishonour {RegenMP Int+2}
HPRegen  0.82/turn              D - ring of the Invisible Hand {Will++ MP+9 Str+6 Int+3 Dex+2}
MPRegen  0.64/turn              c - ring "Luaxead" {rF+ rC+ Int+3 Slay+2}

@: death's door cooldown, flying, very slightly contaminated, studying 2 skills,
quick
A: big wings, yellow scales 1, high mp 1, negative energy resistance 1, sense
surroundings 1, electricity resistance, unbreathing, petrification resistance,
miasma immunity, AC +20
}: 4/15 runes: serpentine, barnacled, slimy, silver
a: Stop Flying, Renounce Religion


You were on level 23 of a ziggurat.
You worshipped Vehumet.
Vehumet was exalted by your worship.
You visited 11 branches of the dungeon, and saw 53 of its levels.
You visited the Abyss 4 times.
You visited 2 ziggurats (completing 1), and saw 50 of their levels.
You also visited: Sewer, Bailey, Gauntlet, Volcano and Wizlab.

You collected 14979 gold pieces.
You spent 5596 gold pieces at shops.

Inventory:

Hand Weapons
 I - a +9 demon whip of electrocution
 Y - the +9 demon whip "ETAOIN SHRDLU" (weapon) {venom, rF+ Int+4}
   (You found it on level 27 of a ziggurat)

   It poisons the flesh of those it strikes.
   It affects your intelligence (+4).
   It protects you from fire.
Armour
 b - a +2 helmet of see invisible (worn)
 v - a +2 hat
 A - the +1 cloak of Pybbopni (worn) {rF+ rC+ Dex-4 SInv}
   (You found it on level 2 of the Depths)

   It affects your dexterity (-4).
   It protects you from fire.
   It protects you from cold.
   It lets you see invisible.
 G - the +3 warlock's mirror (worn) {reflect}
   (You found it on level 13 of a ziggurat)
 M - a +4 troll leather armour (worn) {Snorg}
 Q - a +2 pair of gloves of strength (worn)
 W - a +1 pair of boots of running (worn)
Jewellery
 c - the ring "Luaxead" (right hand) {rF+ rC+ Int+3 Slay+2}
   (You acquired it on level 1 of the Snake Pit)

   [ring of protection from cold]

   It affects your intelligence (+3).
   It affects your accuracy and damage with ranged weapons and melee attacks
   (+2).
   It protects you from fire.
   It protects you from cold.
 j - the ring of Shadows {Umbra +Inv Stlth+}
   (You found it on level 9 of a ziggurat)

   [ring of stealth]

   It lets you turn invisible.
   It makes you more stealthy.
 y - the ring of Dogma {rPois Will+ Int+6}
   (You found it in a wizard's laboratory)

   [ring of willpower]

   It affects your intelligence (+6).
   It protects you from poison.
   It affects your willpower, your defense against some magical effects.
 D - the ring of the Invisible Hand (left hand) {Will++ MP+9 Str+6 Int+3 Dex+2}
   (You found it on level 25 of a ziggurat)

   [ring of strength]

   It affects your strength (+6).
   It affects your intelligence (+3).
   It affects your dexterity (+2).
   It affects your willpower, your defense against some magical effects.
   It affects your magic capacity (+9).
 E - the ring of the Mage {Wiz Will++ Int+3}
   (You found it on level 20 of a ziggurat)

   [ring of wizardry]

   It improves your spell success rate.
   It affects your intelligence (+3).
   It affects your willpower, your defense against some magical effects.
 F - the ring of Joy {Wiz rElec rN+ Slay+3}
   (You found it on level 11 of a ziggurat)

   [ring of wizardry]

   It improves your spell success rate.
   It affects your accuracy and damage with ranged weapons and melee attacks
   (+3).
   It insulates you from electricity.
   It protects you from negative energy.
 O - the amulet of Fixation {rC+++ Regen+ Str+5 Stlth-}
   (You found it on level 20 of a ziggurat)

   [amulet of regeneration]

   It affects your strength (+5).
   It renders you almost immune to cold.
   It increases your rate of regeneration.
   It makes you less stealthy.
 T - the ring of the Voivode {rF+ Str+6 Int+6}
   (You found it on level 17 of a ziggurat)

   [ring of intelligence]

   It affects your strength (+6).
   It affects your intelligence (+6).
   It protects you from fire.
 U - the amulet of Dishonour (around neck) {RegenMP Int+2}
   (You took it off a skeletal warrior on level 3 of the Depths)

   [amulet of magic regeneration]

   It increases your magic regeneration.
   It affects your intelligence (+2).
Wands
 t - a wand of acid (34)
Scrolls
 d - 48 scrolls of remove curse
 n - 5 scrolls of magic mapping
 o - 5 scrolls of identify
 p - 21 scrolls of fog
 q - a scroll of enchant armour
 s - 17 scrolls of amnesia
 u - 34 scrolls of teleportation
 H - 7 scrolls of holy word
 L - 6 scrolls of blinking
 R - a scroll of enchant weapon
 S - 2 scrolls of summoning
Potions
 a - 17 potions of magic
 e - 9 potions of might
 f - 12 potions of ambrosia
 g - 34 potions of curing
 h - 5 potions of resistance
 k - 25 potions of haste
 l - 37 potions of mutation
 r - 9 potions of heal wounds
 x - 3 potions of berserk rage
 C - 11 potions of cancellation
 K - 4 potions of brilliance
Books
 z - a manual of Hexes
 B - a manual of Polearms
 V - a manual of Polearms
Miscellaneous
 i - a phantom mirror
 w - a condenser vane
 J - a lightning rod (4/4)
 P - a tin of tremorstones (2/2)
 Z - a box of beasts


   Skills:
 + Level 26.3 Fighting
 - Level 16.0 Maces & Flails
 - Level 6.0 Armour
 - Level 15.0 Dodging
 - Level 2.1 Stealth
 - Level 4.0 Shields
 + Level 24.1 Spellcasting
 - Level 20.0 Conjurations
 - Level 23.0 Necromancy
 - Level 11.0 Transmutations
 - Level 21.5 Fire Magic
 - Level 22.0 Air Magic
 - Level 22.0 Earth Magic
 - Level 10.0 Evocations


You had 8 spell levels left.
You knew the following spells:

 Your Spells              Type           Power        Failure   Level
a - Shatter               Erth           59%          1%          9
b - Stone Arrow           Conj/Erth      100%         0%          3
c - Lee's Rapid Deconstr  Erth           59%          0%          5
d - Iron Shot             Conj/Erth      58%          0%          6
e - Death's Door          Necr           60%          4%          9
f - Fire Storm            Conj/Fire      58%          3%          9
g - Ignition              Fire           59%          1%          8
h - Necromutation         Tmut/Necr      54%          3%          8
i - Tornado               Air            59%          1%          9

Your spell library contained the following spells:

 Spells                   Type           Power        Failure   Level
 Lehudib's Crystal Spear  Conj/Erth      58%          1%          8
 Animate Skeleton         Necr           100%         0%          1
 Beastly Appendage        Tmut           100%         0%          1
 Foxfire                  Conj/Fire      100%         0%          1
 Magic Dart               Conj           100%         0%          1
 Pain                     Necr           100%         0%          1
 Sandblast                Erth           100%         0%          1
 Shock                    Conj/Air       100%         0%          1
 Corpse Rot               Necr/Air       N/A          0%          2
 Passwall                 Tmut/Erth      89%          0%          2
 Poisonous Vapours        Pois/Air       100%         0%          2
 Searing Ray              Conj           100%         0%          2
 Swiftness                Air            100%         0%          2
 Wereblood                Tmut           92%          0%          2
 Conjure Flame            Conj/Fire      100%         0%          3
 Ignite Poison            Fire/Tmut/Pois 91%          0%          3
 Inner Flame              Hex/Fire       91%          0%          3
 Mephitic Cloud           Conj/Pois/Air  100%         0%          3
 Static Discharge         Conj/Air       100%         0%          3
 Vampiric Draining        Necr           60%          0%          3
 Airstrike                Air            59%          0%          4
 Animate Dead             Necr           60%          0%          4
 Dispel Undead            Necr           100%         0%          4
 Petrify                  Tmut/Erth      100%         0%          4
 Sticky Flame             Conj/Fire      100%         0%          4
 Agony                    Necr           100%         0%          5
 Bolt of Magma            Conj/Fire/Erth 59%          0%          5
 Borgnjor's Vile Clutch   Necr/Erth      60%          0%          5
 Excruciating Wounds      Necr           60%          0%          5
 Fireball                 Conj/Fire      58%          0%          5
 Iskenderun's Battlesphe  Conj           100%         0%          5
 Lightning Bolt           Conj/Air       58%          0%          5
 Conjure Ball Lightning   Conj/Air       58%          0%          6
 Death Channel            Necr           60%          0%          6
 Starburst                Conj/Fire      58%          0%          6
 Apportation              Tloc           90%          1%          1
 Corona                   Hex            50%          1%          1
 Freeze                   Ice            100%         1%          1
 Sting                    Tmut/Pois      100%         1%          1
 Summon Small Mammal      Summ           100%         1%          1
 Blink                    Tloc           N/A          1%          2
 Call Imp                 Summ           45%          1%          2
 Ensorcelled Hibernation  Hex/Ice        90%          1%          2
 Slow                     Hex            45%          1%          2
 Call Canine Familiar     Summ           45%          1%          3
 Confusing Touch          Hex            45%          1%          3
 Dazzling Flash           Conj/Hex       100%         1%          3
 Frozen Ramparts          Ice            90%          1%          3
 Gell's Gravitas          Tloc           22%          1%          3
 Lesser Beckoning         Tloc           22%          1%          3
 Ozocubu's Armour         Ice            45%          1%          3
 Portal Projectile        Hex/Tloc       90%          1%          3
 Spider Form              Tmut/Pois      36%          1%          3
 Summon Guardian Golem    Hex/Summ       45%          1%          3
 Teleport Other           Tloc           45%          1%          3
 Tukima's Dance           Hex            45%          1%          3
 Fulminant Prism          Conj/Hex       44%          1%          4
 Hailstorm                Conj/Ice       89%          1%          4
 Ice Form                 Ice/Tmut       73%          1%          4
 Iskenderun's Mystic Bla  Conj/Tloc      89%          1%          4
 Leda's Liquefaction      Hex/Erth       46%          1%          4
 Olgreb's Toxic Radiance  Pois           45%          1%          4
 Summon Lightning Spire   Summ/Air       92%          1%          4
 Alistair's Intoxication  Tmut/Pois      48%          1%          5
 Blade Hands              Tmut           46%          1%          5
 Irradiate                Conj/Tmut      52%          1%          5
 Silence                  Hex/Air        46%          1%          5
 Yara's Violent Unravell  Hex/Tmut       36%          1%          5
 Freezing Cloud           Conj/Ice/Air   50%          1%          6
 Hydra Form               Tmut           46%          1%          6
 Simulacrum               Ice/Necr       46%          1%          6
 Orb of Destruction       Conj           57%          1%          7
 Borgnjor's Revivificati  Necr           60%          1%          8
 Chain Lightning          Conj/Air       58%          1%          8
 Infestation              Necr           60%          1%          8
 Eringya's Noxious Bog    Tmut/Pois      36%          2%          6
 Spellforged Servitor     Conj/Summ      44%          2%          7
 Dragon Form              Tmut           46%          4%          7
 Haunt                    Necr/Summ      46%          4%          7
 Cause Fear               Hex            22%          5%          4
 Passage of Golubria      Tloc           N/A          5%          4
 Summon Ice Beast         Ice/Summ       45%          5%          4
 Metabolic Englaciation   Hex/Ice        22%          14%         5
 Summon Demon             Summ           22%          14%         5
 Summon Forest            Summ/Tloc      22%          14%         5
 Summon Mana Viper        Hex/Summ       45%          14%         5
 Dispersal                Tloc           22%          63%         6
 Invisibility             Hex            45%          63%         6
 Shadow Creatures         Summ           N/A          63%         6
 Malign Gateway           Summ/Tloc      22%          99%         7
 Monstrous Menagerie      Summ           22%          99%         7
 Summon Greater Demon     Summ           22%          99%         7
 Summon Hydra             Summ           22%          99%         7
 Discord                  Hex            22%          100%        8
 Disjunction              Tloc           22%          100%        8
 Summon Horrible Things   Summ           22%          100%        8
 Absolute Zero            Ice            22%          100%        9
 Dragon's Call            Summ           22%          100%        9
 Sublimation of Blood     Necr           Unusable     N/A         2
 Statue Form              Tmut/Erth      Unusable     N/A         6

Dungeon Overview and Level Annotations

Branches:
Dungeon (15/15)            Temple (1/1) D:5            Lair (6/6) D:8
 Shoals (4/4) Lair:4        Snake (4/4) Lair:2        Slime (5/5) Lair:6
    Orc (2/2) D:10            Elf (3/3) Orc:2        Vaults (5/5) D:13
  Crypt (3/3) Vaults:3       Tomb (0/3) Crypt:3      Depths (5/5) D:15
    Zot (0/5) Depths:5      Sewer (visited)          Bailey (visited)
Volcano (visited)          WizLab (visited)         Gauntlet (visited)

Altars:
Ashenzari
Dithmenos
Elyvilon
Fedhas
Gozag
Hepliaklqana
Kikubaaqudgha
Makhleb
Nemelex Xobeh
Okawaru
Qazlal
Sif Muna
Trog
Uskayaw
Vehumet
Wu Jian
Xom
Yredelemnul
Zin
The Shining One
Beogh
Jiyva

Shops:
Orc:2 ?!*=}   Elf:1 *}*[:   Shoals:2 [   Snake:1 ?}   Snake:2 ==}   Vaults:3 !
Depths:3 !

Portals:
Hell: Depths:1 Depths:2 Depths:3 Depths:4 Depths:5
Abyss: Depths:4 Depths:5
Pandemonium: Depths:3

Annotations:
D:7 2 transporters, Zing's ghost, novice TeSu
Elf:2 5 runed translucent doors


Innate Abilities, Weirdness & Mutations

You are resistant to torment.
Your stone body is resilient. (AC +20)
You are immune to poison.
Your large and strong wings let you fly indefinitely.
You resist negative energy. (rN+)
You are resistant to electric shocks. (rElec)
You can survive without breathing.
You are immune to petrification.
You are immune to miasma.
You are partially covered in yellow scales. (AC +2)
You have an increased reservoir of magic. (+10% MP)
You passively map a small area around you.


Message History

Unknown command.
Unknown command.
Casting: Shatter (dangerous; 1% risk of failure)
Confirm with . or Enter, or press ? or * to list all spells.
The dungeon rumbles!
The Brimstone Fiend is severely wounded.
The balrug is almost dead.
The Brimstone Fiend is heavily wounded.
The Hell Sentinel is moderately wounded.
You kill the Executioner!
Vehumet accepts your kill.
You feel your power returning.
Your life is in your own hands again!
Your surroundings suddenly seem different.
A shadow demon comes into view.
The orange demon stings you but does no damage.
A hellion comes into view.
The hellion gestures at you.
The sphere of damnation explodes!
The damnation engulfs you!!
You die...

, ▓▓▓▓........
▓▓........... ,
▓▓............
▓▓............. , ,
*...............
............... ,
.........4.....
.......@....... ,
...............
▓.................).
▓▓...................
▓..§...............).
▓..§.................
▓.§§§............2..6
,
▓§§§............2.).1
,
▓▓§§§.1.......))...1)6


You could see a shadow demon, an orange demon and a hellion.

Vanquished Creatures
  the Royal Jelly (Slime:5)
  Khufu (Crypt:3)
  8 juggernauts
  7 ancient liches
  A royal mummy (Crypt:3)
  Boris (Crypt:1)
  3 shard shrikes
  9 Killer Klowns
  Bai Suzhen (Vaults:2)
  Saint Roka (Orc:2)
  A caustic shrike (Zig:12)
  Vashnia (Snake:3)
  A Hellbinder (WizLab)
  3 golden dragons
  the Enchantress (Depths:4)
  Nikola (Depths:1)
  8 bone dragons
  4 profane servitors
  2 hellephants (Zig:12)
  2 Tzitzimimeh
  16 pandemonium lords
  4 electric golems (Zig:18)
  The ghost of hudiniq the Hoplite, an adept MiFi of Okawaru (Vaults:3)
  A shard shrike zombie (Crypt:2)
  4 Ice Fiends
  13 liches
  4 Hell Sentinels
  A shard shrike skeleton (Crypt:2)
  18 tentacled monstrosities
  14 titans
  The ghost of Cera the Alchemist, an adept DrMo of Elyvilon (Shoals:3)
  76 acid blobs
  6 deep elf master archers
  A quicksilver dragon (shapeshifter) (Zig:15)
  6 quicksilver dragons
  7 deep elf blademasters
  2 sphinxes
  5 Executioners
  7 krakens
  Frances (D:12)
  Polyphemus (Shoals:4)
  10 ancient champions
  6 tentacled starspawn
  9 tengu reavers
  A draconian monk (Zig:11)
  6 shadow dragons (Vaults:5)
  42 azure jellies
  6 revenants
  A fenstrider witch (Zig:7)
  Donald (Orc:2)
  2 shadow dragons (shapeshifter)
  Ilsuiw (Shoals:4)
  2 fire giants (shapeshifter)
  12 storm dragons
  A fenstrider witch (shapeshifter) (Zig:15)
  9 fire giants
  An iron dragon (Vaults:5)
  62 nagarajas
  12 deep elf sorcerers
  2 juggernaut zombies
  8 corrupters
  Louise (Snake:1)
  Aizul (Lair:2)
  5 deep elf elementalists
  9 emperor scorpions
  10 frost giants
  5 draconian knights
  3 draconian scorchers
  3 warmongers
  16 orc warlords
  26 ghost moths
  11 curse skulls
  7 balrugs
  A draconian shifter (Depths:5)
  12 vault wardens
  6 cacodemons
  6 draconian stormcallers
  5 spriggan defenders
  A stone giant (shapeshifter) (Zig:15)
  16 ironheart preservers
  9 blood saints
  11 draconian annihilators
  14 reapers
  12 ghouls
  3 caustic shrike skeletons
  14 vampire knights
  7 juggernaut skeletons
  2 green draconians
  35 stone giants
  44 very ugly things
  5 war gargoyles
  6 lorocyprocas
  8 deep elf demonologists
  4 black draconians
  6 bunyips
  16 entropy weavers
  Nessos (Lair:5)
  6 black suns
  A white draconian (Depths:5)
  A minotaur (Gauntlet)
  2 dire elephants (shapeshifter)
  3 dire elephants
  18 deep elf annihilators
  Azrael (Orc:2)
  A red draconian (Depths:5)
  15 spark wasps
  2 purple draconians (Zig:11)
  13 ettins
  Snorg (D:10)
  7 merfolk impalers
  3 eleionomae (shapeshifter)
  24 blizzard demons
  18 merfolk javelineers
  18 deep elf death magi
  12 death oozes
  15 green deaths
  24 jiangshi
  18 eidola
  6 eleionomae
  The ghost of Dankas the Fighter, a journeyman GrFE of Sif Muna (Lair:2)
  11 deep elf high priests
  21 great orbs of eyes
  3 shambling mangroves
  10 fire dragons
  15 yaktaur captains
  6 rakshasas
  32 naga warriors
  Harold (D:8)
  17 spriggan air magi
  27 vault guards
  4 hell beasts
  24 hydras
  5 merfolk avatars
  2 quicksilver dragon skeletons
  14 ice dragons
  8 boulder beetles
  A spectral shadow dragon (Crypt:3)
  A ghost crab (Zig:9)
  8 centaur warriors
  5 deep troll shamans
  An alligator snapping turtle (shapeshifter) (Zig:15)
  3 alligators
  23 anacondas
  9 merfolk aquamancers
  An anaconda (shapeshifter) (Depths:2)
  38 two-headed ogres
  2 catoblepae
  16 ogre magi
  10 alligator snapping turtles
  13 death knights
  16 deep troll earth magi
  12 vampire magi
  2 titan zombies
  9 satyrs
  3 hell hogs (Zig:14)
  5 thrashing horrors
  39 dancing weapons
  2 tengu warriors (Depths:4)
  14 orc high priests
  16 death yaks
  40 shock serpents
  2 spriggan berserkers
  Sonja (Orc:2)
  26 deep elf knights
  3 soul eaters
  3 titan skeletons
  41 naga sharpshooters
  3 storm dragon zombies
  8 shadow wraiths
  2 spatial maelstroms (Zig:24)
  6 salamander mystics
  65 skeletal warriors
  5 sun demons
  17 wretched stars
  7 iron trolls
  6 death drakes
  5 goliath frogs
  A spark wasp zombie (Zig:11)
  A golden dragon zombie (Zig:13)
  4 sixfirhies
  The ghost of kelmiir the Insei, a novice GnTm of Vehumet (D:8)
  An iron troll (shapeshifter) (Zig:14)
  3 hell knights
  18 flayed ghosts
  A death drake (shapeshifter) (Zig:15)
  2 unseen horrors (shapeshifter) (D:15)
  6 spriggan druids
  29 deep trolls
  22 sea snakes
  A sea snake (shapeshifter) (Vaults:5)
  8 shadow demons
  4 unseen horrors
  5 storm dragon skeletons
  7 swamp dragons
  3 orange crystal statues
  A quicksilver dragon simulacrum (Crypt:1)
  5 wizards
  12 naga ritualists
  35 starcursed masses
  19 ironbrand convokers
  3 bog bodies
  A harpy (shapeshifter) (Depths:2)
  6 golden dragon skeletons
  2 sphinx zombies
  14 glowing orange brains
  24 deep elf archers
  2 mana vipers (shapeshifter)
  19 necromancers
  3 lindwurms (Lair:6)
  6 tengu zombies
  Pikel (D:4)
  A shadow dragon zombie (Vaults:5)
  16 phantasmal warriors
  6 obsidian statues
  23 harpies
  20 orc knights
  An eleionoma zombie (Crypt:2)
  85 deep elf magi
  19 mana vipers
  15 orc sorcerers
  14 shining eyes
  23 orb spiders
  2 wolf spiders (shapeshifter)
  22 manticores
  11 cyclopes
  2 human zombies
  2 iron dragon zombies
  10 salamanders
  3 fire giant zombies
  77 ugly things
  6 shadow dragon skeletons
  6 tengu skeletons
  17 wolf spiders
  A toenail golem (Abyss:3)
  7 will-o-the-wisps
  3 worldbinders
  2 sphinx skeletons
  An elephant (shapeshifter) (D:13)
  4 oklob plants (Lair:6)
  29 fauns
  6 moths of wrath
  A stone giant zombie (Vaults:3)
  7 elephants
  3 iron dragon skeletons
  A manticore (shapeshifter) (Zig:15)
  6 frost giant skeletons
  13 smoke demons
  2 rust devils
  78 black mambas
  6 water nymphs
  10 merfolk sirens
  A stone giant skeleton (Depths:3)
  27 guardian serpents
  2 molten gargoyles (Depths:2)
  12 apocalypse crabs
  Maurice (Orc:2)
  13 torpor snails
  5 centaur zombies
  50 naga magi
  13 eyes of devastation
  A torpor snail (shapeshifter) (Depths:1)
  17 vault sentinels
  Maggie (Lair:2)
  6 gargoyles
  7 orange demons
  16 cane toads
  3 spriggan skeletons
  A minotaur zombie (Crypt:2)
  37 freezing wraiths
  6 hellions
  3 centaur skeletons
  67 yaktaurs
  13 komodo dragons
  6 rime drakes
  3 efreet
  4 spriggan zombies
  A yaktaur (shapeshifter) (D:11)
  A death yak zombie (Crypt:2)
  5 hellwings
  14 ice devils
  8 tormentors
  10 elf skeletons
  10 ancient zymes
  21 demonic crawlers
  A spark wasp simulacrum (Zig:7)
  2 trolls (shapeshifter)
  6 red devils
  13 jumping spiders
  28 merfolk
  3 meliai (D:14)
  6 wind drakes
  A tengu conjurer (Depths:4)
  16 trolls
  20 hornets
  A queen bee (shapeshifter) (Vaults:1)
  Grinder (D:5)
  A jumping spider (shapeshifter) (Depths:2)
  2 polar bears
  3 bloated husks
  A wind drake (shapeshifter) (D:15)
  9 dream sheep
  A slime creature (shapeshifter) (Zig:15)
  An alligator zombie (Abyss:2)
  24 blink frogs
  2 iron dragon simulacra
  20 raiju
  2 raiju (shapeshifter)
  3 dream sheep (shapeshifter)
  4 tyrant leeches
  A deep troll zombie (Depths:1)
  148 slime creatures
  A jumping spider zombie (Crypt:1)
  11 snapping turtles
  2 frost giant simulacra
  31 redbacks
  Sigmund (D:3)
  4 shadows
  23 tarantellas
  A spriggan (shapeshifter) (D:15)
  2 tarantellas (shapeshifter)
  78 flying skulls
  2 redbacks (shapeshifter)
  8 spriggans
  An ice dragon skeleton (Crypt:1)
  55 yaks
  An ettin skeleton (Vaults:5)
  24 water elementals
  18 air elementals
  8 ynoxinuls
  26 wraiths
  5 wyverns
  2 vampires
  4 basilisks
  12 fire elementals
  A golden eye (shapeshifter) (Vaults:4)
  7 neqoxecs
  22 chaos spawn
  10 golden eyes
  4 hogs (Snake:2)
  6 vampire mosquitoes
  3 human simulacra
  5 spatial vortices (Zig:24)
  2 swamp worms (Gauntlet)
  63 nagas
  2 swamp worms (shapeshifter)
  11 wargs
  4 acid dragons
  A spectral snapping turtle (Crypt:3)
  2 floating eyes (shapeshifter)
  4 floating eyes
  16 water moccasins
  9 hell hounds
  33 large abominations
  16 small abominations
  71 orc warriors
  An ice beast (shapeshifter) (Depths:2)
  2 black bears
  7 ice beasts
  6 sky beasts
  9 necrophages
  2 swamp drakes
  6 phantoms
  3 ettin simulacra
  16 wolves
  19 centaurs
  11 boggarts
  19 eyes of draining
  49 ogres
  A lindwurm skeleton (Crypt:2)
  A lemure (D:4)
  5 big kobolds
  11 elf zombies
  15 earth elementals
  2 gnoll sergeants
  20 bullfrogs
  2 glowing shapeshifter simulacra
  A salamander skeleton (Crypt:1)
  2 wyvern skeletons
  A wyvern zombie (D:13)
  A scorpion (shapeshifter) (Vaults:5)
  7 scorpions
  21 killer bees
  23 wights
  A raiju skeleton (Crypt:1)
  2 howler monkeys
  10 electric eels
  2 crimson imps
  A bullfrog zombie (D:6)
  A quasit (Depths:3)
  10 hounds
  2 iron imps (Depths:3)
  Crazy Yiuf (D:5)
  5 jellies
  28 orc priests
  47 orc wizards
  6 iguanas
  Natasha (twice) (D:3)
  4 hell rats (D:8)
  12 worker ants
  A naga zombie (Crypt:2)
  A bullfrog simulacrum (Gauntlet)
  A hound zombie (D:11)
  2 ogre skeletons
  6 mummies
  4 worker ant zombies
  14 adders
  7 gnolls
  2 river rats (Sewer)
  3 shadow imps
  15 white imps
  3 ufetubi
  A worm zombie (Crypt:2)
  An iguana zombie (Crypt:1)
  2 oozes
  3 adder skeletons
  4 worms
  A barachi skeleton (Crypt:1)
  3 dart slugs
  7 leopard geckos
  132 orcs
  3 ball pythons
  5 giant cockroaches
  10 goblins
  7 hobgoblins
  15 jackals
  32 kobolds
  8 quokkas
  8 bats
  9 frilled lizards
  A goblin skeleton (Crypt:1)
  15 rats
  9 ball lightnings (Depths:2)
  5 crawling corpses
  39 fire vortices
  2 lurking horrors (Abyss:3)
  6 starspawn tentacles
  21 tentacles
4633 creatures vanquished.

Vanquished Creatures (collateral kills)
  Sojobo (Crypt:1)
  A Killer Klown (Zig:8)
  Jory (Crypt:3)
  An acid blob (Zig:27)
  An azure jelly (Zig:27)
  A balrug (Zig:14)
  A dire elephant (Zig:12)
  A jiangshi (Crypt:3)
  2 death oozes (Slime:5)
  A quicksilver dragon zombie (Zig:16)
  An alligator snapping turtle (shapeshifter) (Zig:14)
  A tengu zombie (Zig:14)
  A stone giant skeleton (Zig:4)
  2 ancient zymes (Zig:24)
  3 slime creatures
  An ettin skeleton (Zig:1)
  A chaos spawn (Zig:8)
  An eye of draining (Zig:20)
22 creatures vanquished.

Vanquished Creatures (others)
  A pandemonium lord (Zig:15)
  A kraken (Shoals:4)
  Kirke (Snake:2)
  A spark wasp (Zig:18)
  2 merfolk javelineers (Zig:26)
  A shambling mangrove (Zig:20)
  A naga sharpshooter (Zig:26)
  A deep elf knight (Elf:1)
  3 death drakes (Zig:20)
  A swamp dragon (Zig:20)
  A wizard (Vaults:3)
  3 deep elf magi (Elf:1)
  A sphinx zombie (Zig:13)
  A tormentor (Zig:23)
  2 raiju
  A water elemental (Depths:2)
  A floating eye (shapeshifter) (Depths:2)
  4 orcs (Orc:2)
  173 fire vortices
  8 foxfires (Zig:20)
  27 fungi
  243 plants
  6 starspawn tentacles
  23 tentacles
507 creatures vanquished.

Grand Total: 5162 creatures vanquished

Notes
Turn   | Place    | Note
-------+----------+-------------------------------------------
     0 | D:1      | Nixen the Gargoyle Earth Elementalist began the quest for
                  | the Orb.
     0 | D:1      | Reached XP level 1. HP: 10/10 MP: 3/3
   237 | D:1      | Reached XP level 2. HP: 6/15 MP: 3/5
   878 | D:1      | Reached XP level 3. HP: 16/19 MP: 7/7
   882 | D:1      | Learned a level 3 spell: Stone Arrow
  1844 | D:2      | Reached skill level 1 in Conjurations
  2061 | D:2      | Reached XP level 4. HP: 24/24 MP: 8/8
  2741 | D:3      | Reached skill level 5 in Earth Magic
  3031 | D:3      | Noticed Sigmund
  3035 | D:3      | Killed Sigmund
  3036 | D:3      | Reached XP level 5. HP: 14/28 MP: 10/10
  3036 | D:3      | Reached XP level 6. HP: 17/32 MP: 11/11
  3292 | D:3      | Learned a level 5 spell: Lee's Rapid Deconstruction
  3300 | D:3      | Noticed Natasha
  3307 | D:3      | Killed Natasha
  3479 | D:3      | Noticed Natasha
  3483 | D:3      | Killed Natasha
  4893 | D:4      | Reached XP level 7. HP: 20/36 MP: 13/13
  5542 | D:4      | Noticed Pikel
  5560 | D:4      | Killed Pikel
  5561 | D:4      | Reached skill level 5 in Spellcasting
  5561 | D:4      | Reached skill level 5 in Conjurations
  5561 | D:4      | Reached XP level 8. HP: 17/41 MP: 15/15
  5857 | D:5      | Entered Level 5 of the Dungeon
  5992 | D:5      | Found a staircase to the Ecumenical Temple.
  6010 | Temple   | Entered the Ecumenical Temple
  6046 | Temple   | Became a worshipper of Vehumet
  6270 | D:5      | Found a glowing drain.
  6305 | Sewer    | Entered a sewer
  6618 | Sewer    | Found a white marble altar of Elyvilon.
  6964 | D:5      | Noticed Grinder
  6972 | D:5      | Killed Grinder
  7283 | D:5      | Found a runed translucent door.
  7284 | D:5      | Noticed Crazy Yiuf
  7289 | D:5      | Killed Crazy Yiuf
  7533 | D:6      | Reached skill level 1 in Fighting
  7533 | D:6      | Reached skill level 1 in Armour
  7564 | D:6      | Reached skill level 1 in Maces & Flails
  7564 | D:6      | Reached XP level 9. HP: 33/47 MP: 18/18
  7588 | D:6      | Reached * piety under Vehumet
  7588 | D:6      | Offered knowledge of Shock by Vehumet.
  8221 | D:6      | Reached skill level 2 in Fighting
  9069 | D:6      | Noticed an eight-headed hydra
  9072 | D:6      | Killed an eight-headed hydra
  9073 | D:6      | Reached skill level 3 in Fighting
  9159 | D:6      | Reached XP level 10. HP: 46/56 MP: 20/20
  9232 | D:6      | Reached ** piety under Vehumet
  9232 | D:6      | Offered knowledge of Freeze by Vehumet.
  9356 | D:6      | Identified 3 scrolls of acquirement
  9356 | D:6      | Acquired 607 gold pieces
  9360 | D:6      | Acquired the Papyrus of Earthen Black Arts
  9369 | D:6      | Learned a level 6 spell: Iron Shot
  9369 | D:6      | Acquired 599 gold pieces
  9738 | D:7      | Got a glimmering war axe
  9738 | D:7      | Identified the +6 war axe of Tomorrow {speed, Str+2 Int+2}
                  | (You found it on level 7 of the Dungeon)
  9756 | D:7      | Found a stormy altar of Qazlal.
  9779 | D:7      | Found a transporter.
  9780 | D:7      | Found a transporter.
  9780 | D:7      | Noticed Zing's ghost (novice TeSu)
  9942 | D:7      | Offered knowledge of Frozen Ramparts by Vehumet.
 10090 | D:8      | Reached skill level 4 in Fighting
 10186 | D:8      | Reached skill level 1 in Evocations
 10199 | D:8      | Reached *** piety under Vehumet
 10433 | D:8      | Found a shimmering altar of Xom.
 10581 | D:8      | Noticed a death yak
 10585 | D:8      | Noticed a death yak
 10585 | D:8      | Noticed a death yak
 10597 | D:8      | Found a runed translucent gate.
 10597 | D:8      | Found a runed translucent gate.
 10597 | D:8      | Found a runed translucent gate.
 10597 | D:8      | Noticed kelmiir's ghost (novice GnTm)
 10598 | D:8      | Found a roughly hewn altar of Beogh.
 10599 | D:8      | Identified the +1 halberd of Lidwoorphu {speed, Str+2}
 10599 | D:8      | Identified the +7 plate armour "Tenuwu" {rC+}
 10601 | D:8      | Offered knowledge of Static Discharge by Vehumet.
 10691 | D:8      | Found a staircase to the Lair.
 10701 | D:8      | Paralysed by an orc for 6 turns
 10899 | D:8      | Gained mutation: You have a somewhat thin skeletal
                  | structure. (Dex +2, Stealth) [potion of mutation]
 10899 | D:8      | Gained mutation: You are agile. (Dex +2) [potion of
                  | mutation]
 10899 | D:8      | Gained mutation: Your body sometimes deteriorates upon
                  | taking damage. [potion of mutation]
 10899 | D:8      | Gained mutation: You are very agile. (Dex +4) [potion of
                  | mutation]
 10900 | D:8      | Lost mutation: Your body sometimes deteriorates upon taking
                  | damage. [potion of mutation]
 10900 | D:8      | Lost mutation: You are very agile. (Dex +4) [potion of
                  | mutation]
 10900 | D:8      | Gained mutation: Your mind is acute. (Int +2) [potion of
                  | mutation]
 11081 | D:8      | Noticed Harold
 11105 | D:8      | Killed Harold
 11353 | D:8      | Killed a death yak
 11354 | D:8      | Reached XP level 11. HP: 28/62 MP: 7/21
 11354 | D:8      | Killed a death yak
 11355 | D:8      | Reached skill level 5 in Fighting
 11355 | D:8      | Reached skill level 5 in Armour
 11355 | D:8      | Reached skill level 10 in Earth Magic
 11364 | D:8      | Killed a death yak
 11721 | D:8      | Killed kelmiir's ghost
 11722 | D:8      | Reached skill level 5 in Maces & Flails
 12071 | D:9      | Found a flagged portal.
 12097 | D:9      | Reached **** piety under Vehumet
 12106 | Bailey   | Entered a bailey
 12111 | Bailey   | Noticed an orc knight
 12111 | Bailey   | Noticed an orc knight
 12426 | D:9      | Offered knowledge of Bolt of Magma by Vehumet.
 12439 | D:9      | Learned a level 5 spell: Bolt of Magma
 13020 | D:10     | Entered Level 10 of the Dungeon
 13035 | D:10     | Noticed a mana viper
 13080 | D:10     | Noticed Snorg
 13084 | D:10     | Killed Snorg
 13545 | D:10     | Reached ***** piety under Vehumet
 13753 | D:10     | Found a staircase to the Orcish Mines.
 13770 | D:10     | Offered knowledge of Olgreb's Toxic Radiance by Vehumet.
 13868 | D:10     | Killed a mana viper
 13869 | D:10     | Reached skill level 6 in Fighting
 13869 | D:10     | Reached skill level 5 in Dodging
 13890 | D:10     | Got a smoking rapier
 13890 | D:10     | Identified the +4 rapier "Giant's Death Toll" {freeze, rF+
                  | Will+} (You found it on level 10 of the Dungeon)
 14171 | D:11     | Noticed a green ugly thing
 14188 | D:11     | Killed a green ugly thing
 14189 | D:11     | Reached XP level 12. HP: 67/70 MP: 24/24
 14811 | D:11     | Got a shimmering kite shield
 14818 | D:11     | Identified the +0 kite shield of Jegily {SInv Stlth+} (You
                  | found it on level 11 of the Dungeon)
 15420 | D:12     | Noticed a seven-headed hydra
 15423 | D:12     | Killed a seven-headed hydra
 15424 | D:12     | Reached skill level 7 in Fighting
 15459 | D:12     | Noticed an eight-headed hydra
 15463 | D:12     | Killed an eight-headed hydra
 15571 | D:12     | Noticed Frances
 15580 | D:12     | Killed Frances
 15581 | D:12     | Reached skill level 5 in Evocations
 15924 | D:12     | Reached XP level 13. HP: 76/76 MP: 24/25
 16636 | D:13     | Reached skill level 10 in Conjurations
 16665 | D:13     | Reached skill level 8 in Fighting
 16847 | D:13     | Noticed an ettin
 16854 | D:13     | Noticed a fire dragon
 16856 | D:13     | Killed an ettin
 16859 | D:13     | Killed a fire dragon
 16959 | D:13     | Found a gate to the Vaults.
 17004 | D:13     | Offered knowledge of Airstrike by Vehumet.
 17674 | D:14     | Found a broken altar of Ashenzari.
 18244 | D:14     | Gained mutation: Your large and strong wings let you fly
                  | indefinitely. [Gargoyle growth]
 18244 | D:14     | Reached XP level 14. HP: 84/84 MP: 27/27
 18414 | Lair:1   | Entered Level 1 of the Lair of Beasts
 18857 | Lair:1   | Got a bloodstained quarterstaff
 18857 | Lair:1   | Identified the cursed +1 quarterstaff of Eternal War
                  | {flame, +Blink rC- Dex+4} (You found it on level 1 of the
                  | Lair of Beasts)
 19310 | Lair:2   | Reached skill level 9 in Fighting
 19397 | Lair:2   | Found a large runed translucent door.
 19400 | Lair:2   | Found a large runed translucent door.
 19438 | Lair:2   | Noticed Dankas's ghost (journeyman GrFE)
 19446 | Lair:2   | Killed Dankas's ghost
 19513 | Lair:2   | Got a shimmering tin ring
 19514 | Lair:2   | Identified the ring of Epulag {rC++ rCorr} (You found it on
                  | level 2 of the Lair of Beasts)
 19634 | Lair:2   | Found a staircase to the Snake Pit.
 20065 | Lair:2   | Noticed Maggie
 20070 | Lair:2   | Killed Maggie
 20969 | Lair:3   | Learned a level 5 spell: Fireball
 21053 | Lair:3   | Reached skill level 10 in Spellcasting
 21658 | Lair:4   | Offered knowledge of Spellforged Servitor by Vehumet.
 21721 | Lair:4   | Found a dark tunnel.
 21745 | Volcano  | Entered a volcano
 22456 | Lair:4   | Found a staircase to the Shoals.
 22489 | Lair:4   | Reached XP level 15. HP: 92/92 MP: 29/29
 23098 | Lair:5   | Reached skill level 10 in Fighting
 23904 | Lair:5   | Acquired 942 gold pieces
 23934 | Lair:5   | Noticed Nessos
 23938 | Lair:5   | Killed Nessos
 24224 | Lair:6   | Entered Level 6 of the Lair of Beasts
 24504 | Lair:6   | Reached ****** piety under Vehumet
 24612 | Lair:6   | Offered knowledge of Orb of Destruction by Vehumet.
 24859 | Lair:6   | Found a staircase to the Slime Pits.
 24859 | Lair:6   | Found a viscous altar of Jiyva.
 25547 | Lair:6   | Reached skill level 10 in Maces & Flails
 25738 | Lair:6   | Got a vibrating sapphire amulet
 25745 | Lair:6   | Identified the amulet "Ybauzearr" {Acrobat rN+ Will+} (You
                  | found it on level 6 of the Lair of Beasts)
 25980 | Orc:1    | Entered Level 1 of the Orcish Mines
 26076 | Orc:1    | Reached skill level 1 in Fire Magic
 26174 | Orc:1    | Found a roughly hewn altar of Beogh.
 26195 | Orc:1    | Noticed an orc warlord
 26209 | Orc:1    | Killed an orc warlord
 26210 | Orc:1    | Reached XP level 16. HP: 85/99 MP: 8/30
 26703 | Orc:2    | Entered Level 2 of the Orcish Mines
 26703 | Orc:2    | Noticed Saint Roka
 26744 | Orc:2    | Found a gate leading to a gauntlet.
 26745 | Orc:2    | Noticed Azrael
 26754 | Gauntlet | Entered a Gauntlet
 26754 | Gauntlet | Found a transporter.
 26855 | Gauntlet | Found a transporter.
 26857 | Gauntlet | Found a transporter.
 26865 | Gauntlet | Found a transporter.
 26867 | Gauntlet | Found a transporter.
 26875 | Gauntlet | Found a transporter.
 26897 | Gauntlet | Found a transporter.
 26907 | Gauntlet | Found a transporter.
 26917 | Gauntlet | Found a transporter.
 26937 | Gauntlet | Found a transporter.
 26951 | Gauntlet | Found a runed translucent gate.
 26952 | Gauntlet | Found a transporter.
 26952 | Gauntlet | Found a runed translucent gate.
 26952 | Gauntlet | Found a transporter.
 26953 | Gauntlet | Found a runed translucent gate.
 27000 | Gauntlet | Found a transporter.
 27018 | Gauntlet | Found a transporter.
 27146 | Gauntlet | Got a fine glass ring
 27148 | Gauntlet | Identified the cursed ring "Difos" {Int-4 Dex+4} (You found
                  | it in a Gauntlet)
 27244 | Gauntlet | Identified the cursed -1 cloak of Zin's Hatred {rCorr Int+2
                  | Stlth+} (You found it in a Gauntlet)
 27339 | Gauntlet | Identified the Catalogue of Glacial Changing
 27364 | Orc:1    | Offered knowledge of Ozocubu's Refrigeration by Vehumet.
 27366 | Orc:1    | Reached skill level 5 in Fire Magic
 27409 | Orc:2    | Noticed Donald
 28451 | Orc:2    | Noticed Sonja
 28565 | Orc:2    | Noticed Maurice
 28674 | Orc:2    | HP: 4/99 [Donald/+1 demon trident of flaming (5)]
 28787 | Orc:2    | Killed Maurice
 28860 | Orc:2    | Killed Sonja
 28904 | Orc:2    | Offered knowledge of Starburst by Vehumet.
 28908 | Orc:2    | Killed Donald
 29341 | Orc:2    | Killed Azrael
 29357 | Orc:2    | Killed Saint Roka
 29358 | Orc:2    | Reached skill level 10 in Fire Magic
 29527 | Orc:2    | Found a staircase to the Elven Halls.
 29538 | Orc:2    | Found Myuwoeg's Jewellery Boutique.
 29538 | Orc:2    | Found Arphac's Distillery.
 29543 | Orc:2    | Found Filiugath's Gadget Emporium.
 29543 | Orc:2    | Found Aceu's General Store.
 29553 | Orc:2    | Bought a potion of invisibility for 120 gold pieces
 29553 | Orc:2    | Bought a potion of curing for 45 gold pieces
 29553 | Orc:2    | Bought a potion of might for 60 gold pieces
 29553 | Orc:2    | Bought 2 potions of magic for 240 gold pieces
 29553 | Orc:2    | Bought a potion of curing for 45 gold pieces
 29553 | Orc:2    | Bought a potion of ambrosia for 120 gold pieces
 29553 | Orc:2    | Bought a potion of magic for 120 gold pieces
 29553 | Orc:2    | Bought a potion of haste for 150 gold pieces
 29553 | Orc:2    | Bought a potion of curing for 45 gold pieces
 29696 | Orc:2    | Found Icophuat's Magic Scroll Shop.
 29704 | Orc:2    | Bought a scroll of enchant armour for 127 gold pieces
 29704 | Orc:2    | Bought a scroll of immolation for 59 gold pieces
 29704 | Orc:2    | Bought a scroll of identify for 34 gold pieces
 29704 | Orc:2    | Bought a scroll of identify for 34 gold pieces
 30145 | D:14     | Learned a level 6 spell: Starburst
 30151 | D:15     | Entered Level 15 of the Dungeon
 30576 | D:15     | Found a shimmering blue altar of Sif Muna.
 30844 | D:15     | Reached XP level 17. HP: 79/103 MP: 31/31
 31197 | D:15     | Found a staircase to the Depths.
 31797 | Snake:1  | Entered Level 1 of the Snake Pit
 31905 | Snake:1  | Offered knowledge of Ignition by Vehumet.
 32000 | Lair:2   | Learned a level 8 spell: Ignition
 32111 | Snake:1  | Found Uzywoimo's Gadget Shop.
 32124 | Snake:1  | Found Tiott's Magic Scroll Boutique.
 32130 | Snake:1  | Bought a scroll of enchant armour for 135 gold pieces
 32130 | Snake:1  | Bought a scroll of identify for 36 gold pieces
 32130 | Snake:1  | Bought a scroll of immolation for 63 gold pieces
 32130 | Snake:1  | Bought a scroll of teleportation for 54 gold pieces
 32130 | Snake:1  | Bought a scroll of acquirement for 936 gold pieces
 32132 | Snake:1  | Acquired the ring "Luaxead" {rF+ rC+ Int+3 Slay+2}
 32183 | Snake:1  | Noticed Louise
 32186 | Snake:1  | Cast into level 2 of the Abyss (Louise)
 32199 | Snake:1  | Escaped the Abyss
 32219 | Snake:1  | Killed Louise
 32290 | Snake:1  | Bought a scroll of enchant weapon for 135 gold pieces
 32475 | Orc:2    | Bought a scroll of enchant weapon for 105 gold pieces
 32930 | Snake:1  | Noticed Aizul
 33153 | Lair:2   | Killed Aizul
 34030 | Snake:2  | Noticed Kirke
 34038 | Snake:2  | Killed Kirke
 34187 | Snake:2  | Reached skill level 15 in Fire Magic
 34376 | Snake:2  | Found Roabuafo's Gadget Emporium.
 34376 | Snake:2  | Found Jazxi's Jewellery Shop.
 34377 | Snake:2  | Found Yniehada's Jewellery Shop.
 34894 | Snake:3  | Reached XP level 18. HP: 108/108 MP: 17/32
 35315 | Snake:3  | Noticed Vashnia
 35339 | Snake:3  | Killed Vashnia
 35347 | Snake:3  | Offered knowledge of Lehudib's Crystal Spear by Vehumet.
 35347 | Snake:3  | Offered knowledge of Fire Storm by Vehumet.
 35347 | Snake:3  | Offered knowledge of Tornado by Vehumet.
 36039 | Snake:3  | Reached skill level 11 in Fighting
 36471 | Snake:4  | Entered Level 4 of the Snake Pit
 36984 | Shoals:1 | Entered Level 1 of the Shoals
 37974 | Shoals:2 | Found Nufud's Armour Boutique.
 38975 | Shoals:3 | Found a transporter.
 38977 | Shoals:3 | Found a transporter.
 38978 | Shoals:3 | Noticed Cera's ghost (adept DrMo)
 39008 | Shoals:3 | Reached XP level 19. HP: 104/115 MP: 34/34
 39095 | Shoals:3 | Killed Cera's ghost
 39194 | Shoals:3 | Got a shimmering lead ring
 39195 | Shoals:3 | Identified the ring "Faat" {+Fly rPois Will+ Dex-2 Slay+2}
                  | (You found it on level 3 of the Shoals)
 39936 | Shoals:4 | Entered Level 4 of the Shoals
 39966 | Shoals:4 | Noticed Polyphemus
 39978 | Shoals:4 | Killed Polyphemus
 40040 | Shoals:4 | Noticed Ilsuiw
 40137 | Shoals:4 | Killed Ilsuiw
 40938 | Shoals:4 | Reached skill level 12 in Fighting
 41045 | Shoals:4 | Got a scorched buckler
 41500 | Shoals:4 | Reached skill level 15 in Earth Magic
 41675 | Shoals:4 | Reached XP level 20. HP: 117/122 MP: 36/36
 41756 | Shoals:4 | Got a barnacled rune of Zot
 41889 | Shoals:4 | Identified the +4 buckler of the Ego {rElec rPois Int-3
                  | Dex-4} (You found it on level 4 of the Shoals)
 42229 | Snake:4  | Reached skill level 10 in Evocations
 42230 | Snake:4  | Reached skill level 10 in Dodging
 42462 | Snake:4  | Found a hazy altar of Hepliaklqana.
 42883 | Snake:4  | Got a serpentine rune of Zot
 43672 | Vaults:1 | Entered Level 1 of the Vaults
 45563 | Elf:1    | Entered Level 1 of the Elven Halls
 45577 | Elf:1    | Found Rikhliof's General Store.
 45581 | Elf:1    | Reached XP level 21. HP: 128/128 MP: 37/37
 45608 | Elf:1    | Bought a scroll of summoning for 142 gold pieces
 45608 | Elf:1    | Bought a potion of curing for 45 gold pieces
 45897 | Elf:1    | Reached skill level 13 in Fighting
 45897 | Elf:1    | Found Xarhai Faje's Book Emporium.
 45997 | Elf:1    | Acquired 945 gold pieces
 46021 | Elf:1    | Identified the Papyrus of Stolen Souls
 46203 | Elf:1    | Found Aziti's Antique Armour Shop.
 46211 | Elf:1    | Bought a transparent leather armour for 168 gold pieces
 46211 | Elf:1    | Bought a shimmering cloak for 228 gold pieces
 46211 | Elf:1    | Identified the cursed +0 leather armour "Paqehes" {rPois
                  | rF++} (You bought it in a shop on level 1 of the Elven
                  | Halls)
 46215 | Elf:1    | Identified the +4 cloak "Wifeetzy" {Rampage *Slow +Blink
                  | Slay-4} (You bought it in a shop on level 1 of the Elven
                  | Halls)
 46378 | Elf:1    | Found Sigien's Assorted Antiques.
 46382 | Elf:1    | Found Suomojuh's Gadget Emporium.
 46385 | Elf:1    | Bought a potion of heal wounds for 210 gold pieces
 46385 | Elf:1    | Bought a scroll of magic mapping for 147 gold pieces
 47698 | Elf:2    | Identified the cursed +1 robe of the Curious Nightmares
                  | {Stlth+}
 47857 | Elf:3    | Entered Level 3 of the Elven Halls
 48208 | Elf:2    | Found a huge runed translucent gate.
 48208 | Elf:2    | Found a huge runed translucent gate.
 48209 | Elf:2    | Found a huge runed translucent gate.
 48221 | Elf:2    | Found a huge runed translucent gate.
 48221 | Elf:2    | Found a huge runed translucent gate.
 48951 | Elf:3    | Cast into level 2 of the Abyss (a deep elf sorcerer)
 49584 | Elf:3    | Escaped the Abyss
 49773 | Elf:3    | Cast into level 3 of the Abyss (a deep elf sorcerer)
 49895 | Abyss:3  | Lost mutation: Your mind is acute. (Int +2) [a neqoxec]
 49898 | Elf:3    | Escaped the Abyss
 50029 | Elf:3    | Reached XP level 22. HP: 136/136 MP: 29/39
 50836 | Elf:3    | Identified the cursed +3 great sword of Hamamaog {pain,
                  | Stlth+}
 50836 | Elf:3    | Identified the cursed +1 robe of Xearr {rElec rPois rF-
                  | rN+}
 50966 | Elf:3    | Found the +2 hat of the Bear Spirit {Spirit, +Rage rN+
                  | Will++}
 52494 | Vaults:2 | Noticed Bai Suzhen
 52508 | Vaults:2 | Reached skill level 15 in Conjurations
 52510 | Vaults:2 | Killed Bai Suzhen
 52748 | Vaults:2 | Reached skill level 14 in Fighting
 53983 | Vaults:3 | Reached XP level 23. HP: 99/142 MP: 19/40
 54428 | Vaults:3 | Found a staircase to the Crypt.
 54535 | Vaults:3 | Found Bikoa's Distillery.
 54538 | Vaults:3 | Found a runed translucent gate.
 54552 | Vaults:3 | Bought a potion of curing for 57 gold pieces
 54552 | Vaults:3 | Bought a potion of ambrosia for 152 gold pieces
 54552 | Vaults:3 | Bought a potion of curing for 57 gold pieces
 54552 | Vaults:3 | Bought a potion of might for 76 gold pieces
 54552 | Vaults:3 | Bought a potion of haste for 190 gold pieces
 54552 | Vaults:3 | Bought a potion of curing for 57 gold pieces
 54552 | Vaults:3 | Bought a potion of might for 76 gold pieces
 54552 | Vaults:3 | Bought a potion of curing for 57 gold pieces
 54552 | Vaults:3 | Bought a potion of berserk rage for 95 gold pieces
 54561 | Vaults:3 | Noticed hudiniq's ghost (adept MiFi)
 54564 | Vaults:3 | Found a runed translucent gate.
 54564 | Vaults:3 | Found a runed translucent gate.
 54625 | Vaults:3 | Killed hudiniq's ghost
 55382 | Vaults:3 | Acquired a book of Annihilations
 56004 | Vaults:4 | Paralysed by a great orb of eyes for 5 turns
 56015 | Vaults:4 | Paralysed by a great orb of eyes for 5 turns
 56896 | Vaults:4 | Learned a level 9 spell: Shatter
 57258 | Vaults:5 | Entered Level 5 of the Vaults
 57261 | Vaults:5 | Reached skill level 15 in Fighting
 57261 | Vaults:5 | Reached XP level 24. HP: 148/150 MP: 41/41
 57533 | Depths:1 | Entered Level 1 of the Depths
 57533 | Depths:1 | Noticed Nikola
 57540 | Depths:1 | Killed Nikola
 57621 | D:15     | Upgraded the game from 0.27-a0-54-g64bdb92e38 to
                  | 0.27-a0-58-g0ec5f8ab93
 58224 | Vaults:5 | Noticed an ancient lich
 58226 | Vaults:5 | Killed an ancient lich
 58845 | Vaults:5 | Identified the +1 robe of Huhauruu {Will- Str+4}
 58946 | Vaults:5 | Reached XP level 25. HP: 142/156 MP: 33/41
 59036 | Vaults:5 | Got a silver rune of Zot
 59151 | Vaults:5 | Identified the cursed +1 robe of the Butcher {rElec} (You
                  | found it on level 5 of the Vaults)
 59376 | Vaults:5 | Identified the +9 quarterstaff "Timuc" {freeze, +Rage
                  | Dex+2} (You found it on level 5 of the Vaults)
 59885 | Vaults:5 | Got a translucent silver ring
 59886 | Vaults:5 | Identified the ring "Ribb" {+Blink +Fly EV+4 Int-4 Stlth+}
                  | (You found it on level 5 of the Vaults)
 60888 | Depths:1 | Found a gateway to Hell.
 61624 | Depths:2 | Got a buzzing cloak
 61634 | Depths:2 | Identified the +1 cloak of Pybbopni {rF+ rC+ Dex-4 SInv}
                  | (You found it on level 2 of the Depths)
 61947 | Depths:2 | Identified the Catalogue of Scorching Earth
 62361 | Depths:2 | Reached skill level 15 in Spellcasting
 62537 | Depths:2 | Got a masterwork leather armour
 62669 | Depths:2 | Reached skill level 16 in Fighting
 62888 | Depths:2 | Reached skill level 15 in Maces & Flails
 62909 | Depths:2 | Identified Sif Muna's Compendium of Congealing Creation
 63171 | Depths:3 | Reached XP level 26. HP: 164/164 MP: 35/42
 63366 | Depths:3 | Found a one-way gate leading to the halls of Pandemonium.
 63683 | Depths:3 | Found Coakup's Distillery.
 63745 | Depths:3 | Bought a potion of haste for 210 gold pieces
 63745 | Depths:3 | Bought a potion of magic for 168 gold pieces
 63745 | Depths:3 | Bought a potion of heal wounds for 105 gold pieces
 63745 | Depths:3 | Bought a potion of haste for 210 gold pieces
 63745 | Depths:3 | Bought a potion of might for 84 gold pieces
 63745 | Depths:3 | Bought a potion of curing for 63 gold pieces
 63745 | Depths:3 | Bought a potion of curing for 63 gold pieces
 63745 | Depths:3 | Bought a potion of heal wounds for 105 gold pieces
 63745 | Depths:3 | Bought a potion of heal wounds for 105 gold pieces
 63745 | Depths:3 | Bought a potion of curing for 63 gold pieces
 63971 | Depths:3 | Identified the amulet of Dishonour {RegenMP Int+2}
 64102 | Depths:3 | Identified the +1 leather armour of Card Tricks {Harm rElec
                  | rF- Will-} (You found it on level 2 of the Depths)
 64849 | Depths:4 | Cast into level 3 of the Abyss (a lich)
 65300 | Depths:4 | Escaped the Abyss
 65436 | Depths:4 | Reached skill level 17 in Fighting
 65436 | Depths:4 | Noticed the Enchantress
 65440 | Depths:4 | Killed the Enchantress
 65656 | Depths:4 | Found a one-way gate to the infinite horrors of the Abyss.
 65718 | Depths:4 | Reached XP level 27. HP: 171/171 MP: 42/42
 66135 | Depths:5 | Entered Level 5 of the Depths
 66287 | Depths:4 | Learned a level 9 spell: Fire Storm
 66557 | Depths:5 | Found a gateway to a ziggurat.
 67126 | Depths:5 | Found a gate to the Realm of Zot.
 67978 | Crypt:1  | Entered Level 1 of the Crypt
 68016 | Crypt:1  | Noticed Boris
 68024 | Crypt:1  | Killed Boris
 68036 | Crypt:1  | Noticed Sojobo
 68049 | Crypt:1  | Killed Sojobo
 68862 | Crypt:1  | Found a basalt altar of Yredelemnul.
 69005 | Crypt:1  | Reached skill level 18 in Fighting
 69384 | Crypt:2  | Found a magical portal.
 69401 | WizLab   | Entered The Hall of the Hellbinder
 69491 | WizLab   | Lost mutation: You are agile. (Dex +2) [a neqoxec]
 70015 | WizLab   | Found a burning altar of Makhleb.
 70101 | WizLab   | Got a transparent silver ring
 70103 | WizLab   | Identified the ring "Aximunk" {rF+ Will- Int+2 Dex+7} (You
                  | found it in a wizard's laboratory)
 70130 | WizLab   | Identified the ring of Dogma {rPois Will+ Int+6} (You found
                  | it in a wizard's laboratory)
 70133 | WizLab   | Identified Asmodeus's Catalogue of the Entourage
 70281 | Crypt:2  | Paralysed by a vampire knight for 2 turns
 70341 | Crypt:2  | Paralysed by a vampire knight for 7 turns
 71006 | Crypt:3  | Entered Level 3 of the Crypt
 71630 | Crypt:3  | Found an ancient bone altar of Kikubaaqudgha.
 71826 | Crypt:3  | Reached skill level 15 in Dodging
 72017 | Crypt:3  | Noticed Khufu
 72019 | Crypt:3  | Noticed a royal mummy
 72031 | Crypt:3  | Killed Khufu
 72032 | Crypt:3  | Killed a royal mummy
 72204 | Crypt:3  | Lost mutation: You have a somewhat thin skeletal structure.
                  | (Dex +2, Stealth) [potion of mutation]
 72204 | Crypt:3  | Gained mutation: You are robust. (+10% HP) [potion of
                  | mutation]
 72204 | Crypt:3  | Gained mutation: Your spells are a little easier to cast,
                  | but a little less powerful. [potion of mutation]
 72204 | Crypt:3  | Gained mutation: You occasionally shout uncontrollably at
                  | your foes. [potion of mutation]
 72204 | Crypt:3  | Gained mutation: Your flesh is cold resistant. (rC+)
                  | [potion of mutation]
 72205 | Crypt:3  | Lost mutation: You are robust. (+10% HP) [potion of
                  | mutation]
 72205 | Crypt:3  | Lost mutation: Your flesh is cold resistant. (rC+) [potion
                  | of mutation]
 72205 | Crypt:3  | Lost mutation: You occasionally shout uncontrollably at
                  | your foes. [potion of mutation]
 72205 | Crypt:3  | Lost mutation: Your spells are a little easier to cast, but
                  | a little less powerful. [potion of mutation]
 72205 | Crypt:3  | Gained mutation: You have a pair of small horns on your
                  | head. [potion of mutation]
 72205 | Crypt:3  | Gained mutation: You are partially covered in yellow
                  | scales. (AC +2) [potion of mutation]
 72240 | Crypt:3  | Identified the Collected Works on Dark Rituals
 72333 | Crypt:3  | Noticed Jory
 72343 | Crypt:3  | Killed Jory
 72433 | Crypt:3  | Found a staircase to the Tomb.
 73387 | Slime:1  | Entered Level 1 of the Pits of Slime
 73394 | Slime:1  | Reached skill level 19 in Fighting
 73435 | Slime:2  | Gained mutation: You are frail. (-10% HP) [a shining eye]
 73438 | Slime:2  | Gained mutation: You are very frail. (-20% HP) [a shining
                  | eye]
 73440 | Slime:2  | Lost mutation: You have a pair of small horns on your head.
                  | [potion of mutation]
 73440 | Slime:2  | Lost mutation: You are very frail. (-20% HP) [potion of
                  | mutation]
 73440 | Slime:2  | Lost mutation: You are frail. (-10% HP) [potion of
                  | mutation]
 73440 | Slime:2  | Gained mutation: You passively map a small area around you.
                  | [potion of mutation]
 73440 | Slime:2  | Gained mutation: You have an increased reservoir of magic.
                  | (+10% MP) [potion of mutation]
 73669 | Slime:5  | Entered Level 5 of the Pits of Slime
 73762 | Slime:5  | Noticed the Royal Jelly
 73767 | Slime:5  | Killed the Royal Jelly
 74188 | Slime:5  | Got a slimy rune of Zot
 74218 | Slime:5  | Got a clouded turquoise ring
 74220 | Slime:5  | Identified the ring "Hegrez" {+Fly Will+ Dex+3} (You found
                  | it on level 5 of the Pits of Slime)
 74243 | Slime:5  | Got a coiled golden amulet
 74244 | Slime:5  | Identified the amulet of Vatat {Spirit +Blink rF- Will+
                  | Int+3} (You found it on level 5 of the Pits of Slime)
 74802 | Zig:1    | Entered Level 1 of a ziggurat
 74840 | Zig:1    | Learned a level 8 spell: Necromutation
 74849 | Zig:2    | Entered Level 2 of a ziggurat
 74852 | Zig:2    | Reached skill level 1 in Transmutations
 74859 | Zig:2    | Reached skill level 1 in Necromancy
 74888 | Zig:3    | Entered Level 3 of a ziggurat
 74915 | Zig:4    | Entered Level 4 of a ziggurat
 75092 | Zig:5    | Entered Level 5 of a ziggurat
 75097 | Zig:5    | Noticed Kuwi the pandemonium lord
 75099 | Zig:5    | Killed Kuwi the pandemonium lord
 75154 | Zig:5    | Reached skill level 5 in Necromancy
 75157 | Zig:6    | Entered Level 6 of a ziggurat
 75310 | Zig:6    | Identified Yvitumia's Volume of Shape Shifting and
                  | Necromancy
 75344 | Zig:7    | Entered Level 7 of a ziggurat
 75494 | Zig:7    | Got a scorched amber ring
 75495 | Zig:7    | Identified the ring "Viw Capa" {+Fly rF+ Int-5 Stlth-} (You
                  | found it on level 7 of a ziggurat)
 75500 | Zig:8    | Entered Level 8 of a ziggurat
 75511 | Zig:8    | Reached skill level 5 in Transmutations
 75639 | Zig:8    | Got a steaming golden ring
 75641 | Zig:8    | Identified the ring "Hablefic" {rC+ Dex+3 Stlth+} (You
                  | found it on level 8 of a ziggurat)
 75645 | Zig:8    | Got a pitted garnet amulet
 75646 | Zig:8    | Identified the amulet "Roedec" {Reflect Int+4 SH+5} (You
                  | found it on level 8 of a ziggurat)
 75654 | Zig:9    | Entered Level 9 of a ziggurat
 75668 | Zig:9    | Found the ring of Shadows {Umbra +Inv Stlth+}
 75709 | Zig:10   | Entered Level 10 of a ziggurat
 75725 | Zig:10   | Reached skill level 10 in Necromancy
 75771 | Zig:11   | Entered Level 11 of a ziggurat
 75877 | Zig:11   | Got a slimy pewter ring
 75879 | Zig:11   | Identified the ring of Joy {Wiz rElec rN+ Slay+3} (You
                  | found it on level 11 of a ziggurat)
 75899 | Zig:12   | Entered Level 12 of a ziggurat
 76015 | Zig:13   | Entered Level 13 of a ziggurat
 76026 | Zig:13   | Noticed a juggernaut
 76029 | Zig:13   | Killed a juggernaut
 76066 | Zig:13   | Found the +3 warlock's mirror {reflect}
 76090 | Zig:13   | Identified the Disquisition on Displacement and Cold
 76100 | Zig:14   | Entered Level 14 of a ziggurat
 76114 | Zig:14   | Noticed Boeruup the pandemonium lord
 76114 | Zig:14   | Noticed Susmats the pandemonium lord
 76116 | Zig:14   | Killed Susmats the pandemonium lord
 76118 | Zig:14   | Noticed Qoocs the pandemonium lord
 76118 | Zig:14   | Noticed Aninneb the pandemonium lord
 76120 | Zig:14   | Noticed Paur the pandemonium lord
 76120 | Zig:14   | Noticed Udiab the pandemonium lord
 76123 | Zig:14   | Killed Qoocs the pandemonium lord
 76125 | Zig:14   | Killed Boeruup the pandemonium lord
 76125 | Zig:14   | Killed Aninneb the pandemonium lord
 76126 | Zig:14   | Killed Paur the pandemonium lord
 76126 | Zig:14   | Killed Udiab the pandemonium lord
 76146 | Zig:14   | Identified the cursed +0 buckler "Muusona" {rF+} (You found
                  | it on level 14 of a ziggurat)
 76147 | Zig:14   | Identified Yhefaycu's Catalogue of Flamy Companions
 76152 | Zig:14   | Got an ichor-stained battleaxe
 76173 | Zig:14   | Identified the Collected Works on Ashen Curses
 76181 | Zig:15   | Entered Level 15 of a ziggurat
 76199 | Zig:15   | Reached skill level 10 in Transmutations
 76204 | Zig:15   | Noticed Miymolush the pandemonium lord
 76208 | Zig:15   | Killed Miymolush the pandemonium lord
 76497 | Zig:16   | Entered Level 16 of a ziggurat
 76598 | Zig:17   | Entered Level 17 of a ziggurat
 76726 | Zig:17   | Identified the Disquisition on Shifting Weightlessness
 76728 | Zig:17   | Identified Reut's Grimoire of Aerial Shape Shifting
 76749 | Zig:18   | Entered Level 18 of a ziggurat
 76768 | Zig:18   | Reached skill level 15 in Necromancy
 76768 | Zig:18   | Noticed an ancient lich
 76770 | Zig:18   | Noticed an ancient lich
 76771 | Zig:18   | Noticed an ancient lich
 76771 | Zig:18   | Killed an ancient lich
 76772 | Zig:18   | Killed an ancient lich
 76772 | Zig:18   | Killed an ancient lich
 77077 | Zig:19   | Entered Level 19 of a ziggurat
 77188 | Zig:19   | Got a coiled pewter ring
 77189 | Zig:19   | Identified the ring of Ru's Inspiration {rPois rCorr} (You
                  | found it on level 19 of a ziggurat)
 77195 | Zig:19   | Identified the Handbook of Confrontation
 77202 | Zig:19   | Identified Sif Muna's Grimoire of Enchanting Clay
 77213 | Zig:20   | Entered Level 20 of a ziggurat
 77277 | Zig:20   | Found the amulet of Vitality {Regen+ HP+15}
 77278 | Zig:20   | Found the +3 robe of Folly {Archmagi, Will-- Int+5}
 77279 | Zig:20   | Found the +8 mithril axe "Arga" {speed, Will+}
 77288 | Zig:20   | Identified the Catalogue of the Rocks and Cold
 77293 | Zig:20   | Got a warped crystal amulet
 77294 | Zig:20   | Identified the amulet of Fixation {rC+++ Regen+ Str+5
                  | Stlth-} (You found it on level 20 of a ziggurat)
 77305 | Zig:21   | Entered Level 21 of a ziggurat
 77592 | Zig:21   | Learned a level 9 spell: Death's Door
 77597 | Zig:21   | Got an ancient crystal amulet
 77598 | Zig:21   | Identified the amulet of Gluttony {Faith rN+ Stlth+} (You
                  | found it on level 21 of a ziggurat)
 77610 | Zig:22   | Entered Level 22 of a ziggurat
 77775 | Zig:23   | Entered Level 23 of a ziggurat
 77789 | Zig:23   | Noticed a juggernaut
 77792 | Zig:23   | Noticed a juggernaut
 77792 | Zig:23   | Noticed a juggernaut
 77794 | Zig:23   | Noticed a juggernaut
 77795 | Zig:23   | Noticed a juggernaut
 77796 | Zig:23   | Killed a juggernaut
 77796 | Zig:23   | Noticed a juggernaut
 77797 | Zig:23   | Noticed a juggernaut
 77797 | Zig:23   | Killed a juggernaut
 77797 | Zig:23   | Killed a juggernaut
 77798 | Zig:23   | Killed a juggernaut
 77798 | Zig:23   | Killed a juggernaut
 77799 | Zig:23   | Killed a juggernaut
 77800 | Zig:23   | Killed a juggernaut
 77984 | Zig:23   | Identified the +3 buckler of Ilameev {rC+ rN+} (You found
                  | it on level 23 of a ziggurat)
 77999 | Zig:24   | Entered Level 24 of a ziggurat
 78045 | Zig:24   | Reached skill level 20 in Fighting
 78198 | Zig:24   | Identified the Almanac of Contamination and Shape Shifting
 78231 | Zig:25   | Entered Level 25 of a ziggurat
 78276 | Zig:25   | Reached skill level 21 in Fighting
 78407 | Zig:25   | Identified Ownurch's Almanac of Cankerous Sinister Secrets
 78410 | Zig:25   | Got a sparkling ivory ring
 78411 | Zig:25   | Identified the ring of the Invisible Hand {Will++ MP+9
                  | Str+6 Int+3 Dex+2} (You found it on level 25 of a ziggurat)
 78429 | Zig:25   | Identified the +2 robe of the Skies Above {rN+ Str+3 Dex+5}
                  | (You found it on level 25 of a ziggurat)
 78431 | Zig:25   | Identified the +2 cloak of Erytaut {Str+2} (You found it on
                  | level 25 of a ziggurat)
 78456 | Zig:25   | Got a slimy ruby amulet
 78457 | Zig:25   | Identified the amulet "Cabecv Ento" {RegenMP Will+} (You
                  | found it on level 25 of a ziggurat)
 78476 | Zig:26   | Entered Level 26 of a ziggurat
 78510 | Zig:26   | Reached skill level 22 in Fighting
 78656 | Zig:27   | Entered Level 27 of a ziggurat
 78692 | Zig:27   | Reached skill level 23 in Fighting
 78729 | Zig:27   | Found the +10 zealot's sword {holy, *Rage rN+ EV+3}
 78730 | Zig:27   | Found the +8 storm bow {elec, penet}
 78785 | Zig:27   | Got a slimy demon whip
 78785 | Zig:27   | Identified the +9 demon whip "ETAOIN SHRDLU" {venom, rF+
                  | Int+4} (You found it on level 27 of a ziggurat)
 79034 | Zig:1    | Entered Level 1 of a ziggurat
 79060 | Zig:2    | Entered Level 2 of a ziggurat
 79081 | Zig:3    | Entered Level 3 of a ziggurat
 79213 | Zig:4    | Entered Level 4 of a ziggurat
 79229 | Zig:5    | Entered Level 5 of a ziggurat
 79282 | Zig:5    | Identified the +3 flail of Deflation {vorpal, rElec rC-
                  | Dex+5} (You found it on level 5 of a ziggurat)
 79285 | Zig:6    | Entered Level 6 of a ziggurat
 79440 | Zig:7    | Entered Level 7 of a ziggurat
 79533 | Zig:7    | Learned a level 9 spell: Tornado
 79553 | Zig:8    | Entered Level 8 of a ziggurat
 79559 | Zig:8    | Reached skill level 1 in Air Magic
 79645 | Zig:9    | Entered Level 9 of a ziggurat
 79653 | Zig:9    | Reached skill level 5 in Air Magic
 79696 | Zig:10   | Entered Level 10 of a ziggurat
 79722 | Zig:10   | Reached skill level 10 in Air Magic
 79749 | Zig:11   | Entered Level 11 of a ziggurat
 79797 | Zig:11   | Got a bound amber ring
 79798 | Zig:11   | Identified the ring of Inamom {Ice *Contam rPois Int+4
                  | Stlth+} (You found it on level 11 of a ziggurat)
 79820 | Zig:12   | Entered Level 12 of a ziggurat
 79884 | Zig:13   | Entered Level 13 of a ziggurat
 79995 | Zig:13   | Identified the +1 leather armour of Xaligusk {*Contam Int+4
                  | Dex+3} (You found it on level 13 of a ziggurat)
 80001 | Zig:13   | Identified the Catalogue of the Compass and the Blaze
 80017 | Zig:14   | Entered Level 14 of a ziggurat
 80249 | Zig:14   | Got a transparent silver ring
 80250 | Zig:14   | Identified the ring of Hunecroe {Will+ Str+6 Stlth+} (You
                  | found it on level 14 of a ziggurat)
 80281 | Zig:15   | Entered Level 15 of a ziggurat
 80291 | Zig:15   | Noticed Pixtem the pandemonium lord
 80292 | Zig:15   | Noticed Nuxiymp the pandemonium lord
 80292 | Zig:15   | Noticed Hiekhenga the pandemonium lord
 80292 | Zig:15   | Noticed Cuestrao the pandemonium lord
 80292 | Zig:15   | Noticed Ilohedis the pandemonium lord
 80293 | Zig:15   | Noticed Faulol the pandemonium lord
 80294 | Zig:15   | Reached skill level 15 in Air Magic
 80294 | Zig:15   | Noticed Piofit the pandemonium lord
 80294 | Zig:15   | Noticed Hiruwn the pandemonium lord
 80294 | Zig:15   | Killed Faulol the pandemonium lord
 80294 | Zig:15   | Killed Hiekhenga the pandemonium lord
 80296 | Zig:15   | Killed Ilohedis the pandemonium lord
 80297 | Zig:15   | Killed Cuestrao the pandemonium lord
 80298 | Zig:15   | Noticed Unkeseito the pandemonium lord
 80300 | Zig:15   | Killed Hiruwn the pandemonium lord
 80300 | Zig:15   | Killed Nuxiymp the pandemonium lord
 80300 | Zig:15   | Killed Piofit the pandemonium lord
 80300 | Zig:15   | Killed Pixtem the pandemonium lord
 80306 | Zig:15   | Killed Unkeseito the pandemonium lord
 80393 | Zig:15   | Identified the cursed -1 pair of boots "Kimuggon" {rF+}
                  | (You found it on level 15 of a ziggurat)
 80410 | Zig:16   | Entered Level 16 of a ziggurat
 80419 | Zig:16   | Noticed an ancient lich
 80422 | Zig:16   | Noticed an ancient lich
 80424 | Zig:16   | Noticed an ancient lich
 80425 | Zig:16   | Killed an ancient lich
 80425 | Zig:16   | Killed an ancient lich
 80428 | Zig:16   | Killed an ancient lich
 80525 | Zig:16   | Identified the cursed +0 morningstar of Incongruity {holy,
                  | rN+ Str+7 Int-4} (You found it on level 16 of a ziggurat)
 80531 | Zig:16   | Identified the Reference Book on Congealing Execration
 80554 | Zig:17   | Entered Level 17 of a ziggurat
 80579 | Zig:17   | Found the amulet of the Four Winds {rN+ Will+++ Clar}
 80579 | Zig:17   | Found the +0 staff of Battle
 80587 | Zig:17   | Got a wavering amber ring
 80588 | Zig:17   | Identified the ring of the Voivode {rF+ Str+6 Int+6} (You
                  | found it on level 17 of a ziggurat)
 80618 | Zig:17   | Acquired 737 gold pieces
 80630 | Zig:18   | Entered Level 18 of a ziggurat
 80876 | Zig:18   | Identified a +0 pair of boots of running (You found it on
                  | level 18 of a ziggurat)
 80890 | Zig:18   | Identified Wofepn's Compendium of Malediction and
                  | Companions
 80903 | Zig:18   | Identified the +1 double sword "Giantbane" {freeze, rElec
                  | rPois MP+9 Int-4} (You found it on level 18 of a ziggurat)
 80988 | Zig:19   | Entered Level 19 of a ziggurat
 81006 | Zig:19   | Found the +5 robe of Night {Dark Will+ SInv}
 81281 | Zig:20   | Entered Level 20 of a ziggurat
 81306 | Zig:20   | Reached skill level 24 in Fighting
 81595 | Zig:20   | Found the ring of the Mage {Wiz Will++ Int+3}
 81598 | Zig:20   | Found the +2 cloak of the Thief {*Fog Slay-2 SInv Stlth+}
 81610 | Zig:20   | Identified the +3 morningstar "Quefiepo" {drain, Int+4}
                  | (You found it on level 20 of a ziggurat)
 81615 | Zig:20   | Identified the Incunabulum of the Shark
 81637 | Zig:20   | Got a transparent jade ring
 81638 | Zig:20   | Identified the ring "Puystruto" {Ice *Slow rN+ Str+7 Dex+4}
                  | (You found it on level 20 of a ziggurat)
 81654 | Zig:21   | Entered Level 21 of a ziggurat
 81831 | Zig:21   | Reached skill level 25 in Fighting
 81869 | Zig:21   | Identified the Handbook of the Carpenter
 81877 | Zig:22   | Entered Level 22 of a ziggurat
 81996 | Zig:22   | Identified the Handbook of Creation
 82001 | Zig:22   | Identified the Compendium of Destructive Clay
 82020 | Zig:22   | Got a flickering graven amulet
 82021 | Zig:22   | Identified the amulet of Henamo {RegenMP rN++ Str+3 Dex-4}
                  | (You found it on level 22 of a ziggurat)
 82026 | Zig:22   | Identified the Collected Works on the Shifting Snowflakes
 82035 | Zig:23   | Entered Level 23 of a ziggurat
 82053 | Zig:23   | Reached skill level 26 in Fighting
 82069 | Zig:23   | Killed from afar by a hellion

Illustrated notes

Levels and vault maps discovered:
D:1:      tarquinn_simple_flora_water_d, layout_loops_cross
D:2:      layout_loops_ring
D:3:      minmay_thinvault, layout_loops_ring, uniq_sigmund, uniq_natasha
D:4:      layout_gridville, uniq_pikel
D:5:      layout_loops_cross, minmay_temple_entry_drinking_statues,
          portal_sewer_entry_b, uniq_grinder, uniq_crazy_yiuf_cottage
D:6:      cheibrodos_two_vegetables, layout_basic
D:7:      layout_rooms, gammafunk_ghost_mausoleum, grunt_qazlal_clouds
D:8:      layout_loops_ring, tgw_xom, dpeg_lair_monsters,
          biasface_ghost_orc_armoury, uniq_harold
D:9:      layout_rooms, enter_bailey_5, minmay_tree_intersection, eino_jars
D:10:     layout_stronghold, erik_orc_1, uniq_snorg
D:11:     layout_long_grid, hangedman_abyss_or_decor_stabs, minmay_radiant
D:12:     layout_loops_ring, uniq_frances
D:13:     layout_rooms, david_vaults_4, abandoned_shop,
          hangedman_decor_diamond_cutter
D:14:     layout_long_grid, evilmike_ruin_ashenzari
D:15:     gammafunk_enter_depths_forms, layout_loops_ring, lemuel_blue_sif_altar
Temple:   grunt_wide_crystal_templ
Lair:1:   layout_cave_pods, special_room, lemuel_fruit_fields,
          grunt_megastairs_3
Lair:2:   layout_roguey, minmay_snake_entry_six_corridors,
          ebering_ghost_disaster_area, wad_woods_river_02, grunt_megastairs_2,
          uniq_maggie
Lair:3:   layout_cave_pods, lemuel_fruit_fields, lemuel_fruit_fields,
          grunt_megastairs_5
Lair:4:   layout_cave_pods, elwin_shoals_entry_stream,
          nicolae_volcano_entry_lava_flow, lemuel_fruit_tree,
          lemuel_fruit_fields, infiniplex_staircase_pool
Lair:5:   layout_concentric_octagons, uniq_nessos
Lair:6:   hangedman_lair_in_review, layout_regular_city, slime_altar_1,
          disabler_island
Shoals:1: layout_shoals, nicolae_shoals_cliffside_cave
Shoals:2: layout_shoals, serial_shops, shop
Shoals:3: layout_shoals, ebering_ghost_davey_jones
Shoals:4: shoals_end_grunt_garden, layout_shoals, shoal_ilsuiw,
          nicolae_shoals_kraken_party, uniq_polyphemus
Snake:1:  layout_cave_shapes, special_room, grunt_megastairs_1,
          minmay_shoptagon, uniq_louise, uniq_aizul
Snake:2:  layout_concentric_octagons, minmay_shop_grove, uniq_kirke
Snake:3:  layout_onion_interference, uniq_vashnia
Snake:4:  snake_pit, layout_basic, basic_altar, serial_bayou_shore_a
Slime:1:  layout_caves
Slime:2:  layout_caves, basic_altar, cheibrodos_slime_lost_civilization_5
Slime:3:  layout_caves
Slime:4:  layout_caves, cheibrodos_slime_lost_civilization_4
Slime:5
Orc:1:    layout_caves, basic_altar
Orc:2:    st_orc_ogre_mass, layout_caves, gauntlet_entry_generic, serial_shops,
          shop, uniq_sonja, uniq_saint_roka, uniq_donald, uniq_azrael,
          uniq_maurice
Elf:1:    layout_onion_city, serial_shops, shop, nicolae_shop_crystal, shop,
          nicolae_shop_stone, shop, minmay_elf_necromancy,
          lemuel_flamethrower_hall
Elf:2:    layout_loops_ring, einodemon_barbed_minivault, lemuel_elevator
Elf:3:    minmay_elf_hall_x, layout_gridlike
Vaults:1: nicolae_vaults_statue_guard, nicolae_vaults_specimen_jars,
          hangedman_vaults_slice, vaults_room_pool, nicolae_vaults_triangles,
          ontoclasm_vaults_chip, ontoclasm_vaults_idyll,
          ontoclasm_vaults_loading_screen, nicolae_vaults_border_crossing,
          nicolae_vaults_little_squares_4, vaults_room_grunt_arrival_ludios,
          layout_vaults_omnigrid
Vaults:2: ontoclasm_vaults_idyll, v_misc_3, ontoclasm_vaults_eye,
          nicolae_vaults_network_square, v_misc_26, grunt_vaults_bifocal,
          hangedman_vaults_restitches, ontoclasm_vaults_pinch,
          ontoclasm_vaults_idyll, st_hourglassy, hangedman_vaults_capsules,
          layout_vaults_big_room, uniq_bai_suzhen
Vaults:3: gammafunk_vaults_ghost_split, vaults_room_glass_cross,
          nicolae_vaults_little_ls, minmay_crypt_entry_simple_box,
          nicolae_vaults_rhombus_6, v_misc_30, v_misc_11, vaults_room_fours,
          vaults_mumra_hexcomb, v_rooms_5, serial_ice_h, ontoclasm_vaults_fault,
          vaults_room_grid, layout_vaults_omnicross, serial_shops,
          nicolae_shop_window_shopping
Vaults:4: v_rooms_1, nicolae_vaults_asterisk, nicolae_vaults_network_star,
          nicolae_vaults_sealed_display, nicolae_vaults_little_squares_2,
          nicolae_vaults_diagonal_hallway_9, v_alt_pattern_6, v_alt_pattern_2,
          vaults_room_door_ring, vaults_room_door_hall, vaults_room_hallway,
          vaults_room_hallway, layout_vaults_ring, uniq_margery
Vaults:5
Crypt:1:  layout_misc_corridors, amcnicky_altar_gilded, uniq_boris, uniq_sojobo
Crypt:2:  layout_rooms, mu_enter_wizlab_1
Crypt:3:  grunt_crypt_end_deaths_head, uniq_khufu
Depths:1: layout_long_grid, hangedman_tar_grid_catacomb,
          minmay_misc_feat_plants, serial_bayou_ford_a,
          kennysheep_generic_room_12, uniq_nikola
Depths:2: radiant_caverns_b_rkd, serial_shops, hell_entry
Depths:3: minmay_skeleton_keep, layout_gridville,
          amcnicky_mini_rare_corridor_liquid, serial_shops, nicolae_shop_stone,
          pf_hell_entry_great_geh, grunt_pan_entry_sceptre, roderic_lattice_a,
          nrook_mini_backslash, st_stairs_14, drop_trap,
          kennysheep_windowed_goal, serial_bayou_shore_b,
          infiniplex_staircase_split_hallway, firewood_loft
Depths:4: grunt_deathspiral_large, layout_twisted_cross, hell_entry,
          abyss_entry, hangedman_abyss_or_decor_stagger,
          serial_sigils_hangedman_gnaw, kennysheep_generic_room_4,
          serial_bayou_shore_b, uniq_enchantress
Depths:5: evilmike_zot_entry_argh, layout_cave_pools, enter_ziggurat_d,
          pf_coc_iceberg, minmay_door_square, abyss_entry_crystal
Zig:23

Skill      XL: |  1  2  3  4  5  6  7  8  9 10 11 12 13 14 15 16 17 18 19 20 21 22 23 24 25 26 27 |
---------------+----------------------------------------------------------------------------------+-----
Earth Magic    | 4 5 6 7 8 9 10 11 12 13 14 15 16 17 18 19 22 | 22.0
Conjurations   | 1 3 5 6 7 8 9 10 11 12 13 14 15 16 17 20 | 20.0
Spellcasting   | 3 4 5 6 7 8 9 10 11 12 13 14 15 24 | 24.1
Fighting       | 1 3 4 6 7 8 9 10 11 12 13 14 15 16 17 26 | 26.3
Armour         | 1 3 4 6 |  6.0
Maces & Flails | 1 3 4 5 7 8 9 10 11 12 13 14 15 16 | 16.0
Dodging        | 2 3 4 5 6 7 8 9 10 11 12 13 15 | 15.0
Evocations     | 2 3 5 6 7 8 9 10 | 10.0
Fire Magic     | 2 11 15 16 17 18 19 21 | 21.5
Transmutations | 11 | 11.0
Necromancy     | 23 | 23.0
Shields        | 4 |  4.0
Air Magic      | 22 | 22.0
Stealth        | |  2.1

Action                   |  1- 3 |  4- 6 |  7- 9 | 10-12 | 13-15 | 16-18 | 19-21 | 22-24 | 25-27 || total
-------------------------+-------+-------+-------+-------+-------+-------+-------+-------+-------++-------
Melee: Spear             |    57 |       |       |       |       |       |       |       |       ||    57
       Unarmed           |     2 |       |       |       |       |       |       |       |       ||     2
       Mace              |    92 |    21 |       |       |       |       |       |       |       ||   113
       Scythe            |       |    72 |    24 |       |       |       |       |       |       ||    96
       Falchion          |       |       |   217 |    40 |       |       |       |       |       ||   257
       War axe           |       |       |       |   291 |       |       |       |       |       ||   291
       Rapier            |       |       |       |   146 |       |    42 |       |       |       ||   188
       Quarterstaff      |       |       |       |   149 |   676 |   309 |       |       |       ||  1134
       Eveningstar       |       |       |       |       |       |   396 |   809 |   435 |  1155 ||  2795
       Demon whip        |       |       |       |       |       |       |       |       |    61 ||    61
       Headbutt          |       |       |       |       |       |       |       |       |     8 ||     8
Throw: Throwing net      |       |       |       |     1 |       |       |       |       |     1 ||     2
 Cast: Sandblast         |    12 |    28 |    56 |    27 |    46 |     8 |       |       |       ||   177
       Stone Arrow       |       |       |    12 |    15 |       |       |       |       |       ||    27
       Lee's Rapid Decon |       |       |     6 |    60 |    74 |    49 |    14 |    29 |    67 ||   299
       Iron Shot         |       |       |       |    22 |    94 |   210 |    83 |   104 |   173 ||   686
       Bolt of Magma     |       |       |       |     7 |    78 |    43 |     2 |     6 |     5 ||   141
       Fireball          |       |       |       |       |    51 |    11 |       |       |       ||    62
       Starburst         |       |       |       |       |       |    26 |     1 |     4 |       ||    31
       Ignition          |       |       |       |       |       |    32 |   121 |    96 |   167 ||   416
       Shatter           |       |       |       |       |       |       |       |    44 |   325 ||   369
       Fire Storm        |       |       |       |       |       |       |       |       |   119 ||   119
       Tornado           |       |       |       |       |       |       |       |       |     3 ||     3
       Death's Door      |       |       |       |       |       |       |       |       |     1 ||     1
       Necromutation     |       |       |       |       |       |       |       |       |     1 ||     1
 Abil: Fly               |       |       |       |       |     1 |       |       |       |       ||     1
       Stop Flying       |       |       |       |       |     1 |       |       |       |       ||     1
       End Transformatio |       |       |       |       |       |       |       |       |     1 ||     1
Evoke: Wand              |       |       |       |     5 |     4 |    17 |    14 |     6 |     7 ||    53
       Tin of tremorston |       |       |       |       |     1 |       |       |       |     4 ||     5
       Condenser vane    |       |       |       |       |       |       |       |       |     3 ||     3
       Figurine of a zig |       |       |       |       |       |       |       |       |     1 ||     1
  Use: Scroll            |     7 |     6 |     5 |    14 |    18 |    25 |    17 |     4 |    64 ||   160
       Potion            |       |     1 |     2 |    13 |       |     8 |     4 |     3 |    33 ||    64
 Stab: Sleeping          |     6 |     5 |     7 |     6 |     9 |     8 |     8 |     5 |     2 ||    56
       Distracted        |       |       |       |     1 |     2 |       |     2 |     2 |     5 ||    12
       Invisible         |       |       |       |     3 |       |       |     4 |       |     2 ||     9
Armor: Robe              |    43 |    82 |   107 |   156 |       |       |       |       |       ||   388
       Leather armour    |       |       |       |    59 |       |       |       |       |       ||    59
       Troll leather arm |       |       |       |   201 |   325 |   623 |   441 |   297 |  1076 ||  2963
Dodge: Dodged            |   115 |   139 |   161 |   620 |   569 |  1141 |   652 |   433 |  1157 ||  4987
Block: Buckler           |       |       |       |       |       |       |       |       |   101 ||   101
       Reflection        |       |       |       |       |       |       |       |       |    22 ||    22
       Rpst.: Falchion   |       |       |    49 |    16 |       |       |       |       |       ||    65

Table legend: (Time is in decaauts)
 A = Elapsed time spent in this place.
 B = Non-inter-level travel time spent in this place.
 C = Inter-level travel time spent in this place.
 D = Time resting spent in this place.
 E = Time spent auto-exploring this place.
 F = Levels seen in this place.
 G = Mean time per level.
                   A        B        C        D        E       F      G
               +--------+--------+--------+--------+--------+-----+--------+
         Total |  81687 |  74342 |   7345 |  21384 |  33237 | 112 |  729.3 |
       Dungeon |  22545 |  19171 |   3374 |   5236 |   9520 |  15 | 1503.0 |
        Temple |     44 |     36 |      8 |      0 |     31 |   1 |   44.0 |
          Lair |   8134 |   7006 |   1128 |    762 |   4783 |   6 | 1355.7 |
        Shoals |   5012 |   4819 |    193 |   1098 |   2727 |   4 | 1253.0 |
     Snake Pit |   5571 |   5092 |    479 |   1509 |   2329 |   4 | 1392.8 |
    Slime Pits |    978 |    914 |     64 |    494 |      0 |   5 |  195.6 |
  Orcish Mines |   3218 |   2966 |    252 |   1413 |    761 |   2 | 1609.0 |
   Elven Halls |   5415 |   5200 |    215 |   1178 |   2765 |   3 | 1805.0 |
        Vaults |   9809 |   8928 |    881 |   2400 |   4643 |   5 | 1961.8 |
         Crypt |   3608 |   3559 |     49 |    761 |   1671 |   3 | 1202.7 |
        Depths |   7027 |   6327 |    700 |   1662 |   3012 |   5 | 1405.4 |
         Abyss |   1190 |   1190 |      0 |    357 |    296 |   4 |  297.5 |
      Ziggurat |   7040 |   7040 |      0 |   3786 |     59 |  50 |  140.8 |
         Sewer |    405 |    405 |      0 |    123 |    151 |   1 |  405.0 |
        Bailey |     10 |     10 |      0 |      0 |      0 |   1 |   10.0 |
       Volcano |    299 |    299 |      0 |     60 |    144 |   1 |  299.0 |
        Wizlab |    786 |    786 |      0 |    323 |    131 |   1 |  786.0 |
      Gauntlet |    587 |    587 |      0 |    220 |    213 |   1 |  587.0 |
               +--------+--------+--------+--------+--------+-----+--------+

Top non-repeatable levels by time:
   Elf:3: 2807 daAuts
     D:3: 2371 daAuts
Vaults:3: 2348 daAuts
Vaults:4: 2266 daAuts
     D:8: 2247 daAuts
     D:6: 2215 daAuts
   Orc:1: 2191 daAuts
    D:15: 2125 daAuts
Depths:2: 2019 daAuts
Vaults:2: 1926 daAuts
    D:10: 1869 daAuts
Vaults:1: 1826 daAuts
  Lair:2: 1806 daAuts
 Crypt:3: 1773 daAuts
Shoals:3: 1752 daAuts
